PBL
AMERICUS BRAVES @ VICTORIA CAPITALS
08/29/2047
 
TOP OF THE 1ST
Americus Braves batting - Pitching for Victoria Capitals : RHP John Olson
Pitching: RHP John Olson
Batting: RHB Danny Dimas 0-0: Swinging Strike
0-1: Foul Ball, location: 2F
0-2: Foul Ball, location: 2F
0-2: Strikes out swinging
Batting: LHB Ivan Castillo 0-0: Called Strike
0-1: Ball
1-1: Ball
2-1: Foul Ball, location: 2F
2-2: Foul Ball, location: 2F
2-2: Ball
3-2: Base on Balls
Batting: RHB Carlos Livas 0-0: Ball
Ivan Castillo is caught stealing 2nd base 2-4
1-0: SINGLE (Groundball, 34D, EV 106.9 MPH)
Batting: RHB Yutaka Yamane 0-0: Ball
1-0: Ball
2-0: Foul Ball, location: 2F
2-1: Ball
3-1: Base on Balls
Carlos Livas to second
Batting: RHB Ricardo Joya 0-0: Foul Ball, location: 2F
0-1: Ground out U3 (Groundball, 34, EV 86.9 MPH)
Top of the 1st over - 0 runs, 1 hit, 0 errors, 2 left on base; Americus 0 - Victoria 0
BOTTOM OF THE 1ST
Victoria Capitals batting - Pitching for Americus Braves : RHP Jose Clemente
Pitching: RHP Jose Clemente
Batting: SHB Dave Reynoso 0-0: Called Strike
0-1: Fly out, F5 (Popup, 56S, EV 78.8 MPH)
Batting: RHB Jose Zuniga 0-0: SINGLE (Line Drive, 6MD, EV 97.5 MPH)
Batting: RHB Tze-meng Li 0-0: Foul Ball, location: 2F
0-1: SINGLE (Groundball, 4MD, EV 97.5 MPH)
Jose Zuniga to second
Runner from 2nd tries for 3rd, SAFE, throw by CF made to third
Batting: LHB William Gonzales 0-0: Ball
1-0: Ball
2-0: Ball
3-0: Called Strike
3-1: Base on Balls
Tze-meng Li to second
Batting: RHB Antonio Oyola 0-0: Foul Ball, location: 2F
0-1: Ball
1-1: Swinging Strike
1-2: Ball
2-2: Foul Ball, location: 2F
2-2: Strikes out swinging
Batting: RHB Jwahir Pili 0-0: Foul Ball, location: 2F
0-1: Ball
1-1: Fielders Choice at 2nd, 5-4 (Groundball, 56, EV 103.1 MPH)
Bottom of the 1st over - 0 runs, 2 hits, 0 errors, 3 left on base; Americus 0 - Victoria 0
TOP OF THE 2ND
Americus Braves batting - Pitching for Victoria Capitals : RHP John Olson
Batting: RHB Wilson Salgado 0-0: Ground out 4-3 (Groundball, 4, EV 104.4 MPH)
Batting: RHB Paul Holland 0-0: Ball
1-0: Ball
2-0: Ball
3-0: Foul Ball, location: 2F
3-1: Called Strike
3-2: Base on Balls
Batting: RHB Alex Guerra 0-0: Ball
Paul Holland is caught stealing 2nd base 2-4
1-0: Called Strike
1-1: Ground out 4-3 (Groundball, 13, EV 90.6 MPH)
Top of the 2nd over - 0 runs, 0 hits, 0 errors, 0 left on base; Americus 0 - Victoria 0
BOTTOM OF THE 2ND
Victoria Capitals batting - Pitching for Americus Braves : RHP Jose Clemente
Batting: RHB Rich Griffith 0-0: Called Strike
0-1: Foul Ball, location: 2F
0-2: Ball
1-2: Strikes out swinging
Batting: RHB Neal Perucci 0-0: Ball
1-0: Ball
2-0: DOUBLE (Line Drive, 78D, EV 113.1 MPH)
Batting: RHB Joaquin Salazar 0-0: 2-RUN HOME RUN (Flyball, 7LD, EV 94.4 MPH), Distance : 339 ft
Batting: SHB Dave Reynoso 0-0: Called Strike
0-1: Swinging Strike
0-2: Strikes out swinging
Batting: RHB Jose Zuniga 0-0: Called Strike
0-1: Fly out, F8 (Flyball, 8RM, EV 94.4 MPH)
Bottom of the 2nd over - 2 runs, 2 hits, 0 errors, 0 left on base; Americus 0 - Victoria 2
TOP OF THE 3RD
Americus Braves batting - Pitching for Victoria Capitals : RHP John Olson
Batting: RHB Aaron Sartini 0-0: Ball
1-0: Swinging Strike
1-1: Ball
2-1: Ground out U3 (Groundball, 34S, EV 85.0 MPH)
Batting: RHB Danny Dimas 0-0: Ball
1-0: Ball
2-0: Ball
3-0: Called Strike
3-1: Foul Ball, location: 2F
3-2: SINGLE (Line Drive, 8RS, EV 92.5 MPH)
Batting: LHB Ivan Castillo 0-0: Ball
1-0: Ball
2-0: Ball
3-0: Base on Balls
Danny Dimas to second
Batting: RHB Carlos Livas 0-0: Swinging Strike
0-1: Foul Ball, location: 2F
0-2: Ball
1-2: Fly out, F8 (Line Drive, 89M, EV 100.6 MPH)
Batting: RHB Yutaka Yamane 0-0: Called Strike
0-1: Ball
1-1: Called Strike
1-2: Ball
2-2: SINGLE (Line Drive, 4D, EV 94.4 MPH)
Danny Dimas to third
Ivan Castillo to second
Batting: RHB Ricardo Joya 0-0: Ball
1-0: Foul Ball, location: 2F
1-1: Foul Ball, location: 2F
1-2: Ball
2-2: Strikes out looking
Top of the 3rd over - 0 runs, 2 hits, 0 errors, 3 left on base; Americus 0 - Victoria 2
BOTTOM OF THE 3RD
Victoria Capitals batting - Pitching for Americus Braves : RHP Jose Clemente
Batting: RHB Tze-meng Li 0-0: Ball
1-0: Ball
2-0: Ball
3-0: Base on Balls
Batting: LHB William Gonzales 0-0: Called Strike
0-1: Foul Ball, location: 2F
0-2: Fielders Choice at 2nd, 3-6 (Groundball, 3, EV 88.1 MPH)
Batting: RHB Antonio Oyola 0-0: Ball
1-0: Ball
2-0: Called Strike
2-1: Foul Ball, location: 2F
2-2: Ball
3-2: Foul Ball, location: 2F
3-2: Base on Balls
William Gonzales to second
Batting: RHB Jwahir Pili 0-0: Called Strike
0-1: Ball
1-1: Ground out 5-3 (Groundball, 56S, EV 61.2 MPH)
William Gonzales to third
Antonio Oyola to second
Batting: RHB Rich Griffith 0-0: Called Strike
0-1: Ball
1-1: Ball
2-1: Ground out U3 (Groundball, 3S, EV 83.1 MPH)
Bottom of the 3rd over - 0 runs, 0 hits, 0 errors, 2 left on base; Americus 0 - Victoria 2
TOP OF THE 4TH
Americus Braves batting - Pitching for Victoria Capitals : RHP John Olson
Batting: RHB Wilson Salgado 0-0: Foul Ball, location: 2F
0-1: Foul Ball, location: 2F
0-2: Ball
1-2: Strikes out swinging
Batting: RHB Paul Holland 0-0: Ball
1-0: Swinging Strike
1-1: Swinging Strike
1-2: Ball
2-2: Foul Ball, location: 2F
2-2: Strikes out swinging
Batting: RHB Alex Guerra 0-0: Called Strike
0-1: Foul Ball, location: 2F
0-2: Strikes out swinging
Top of the 4th over - 0 runs, 0 hits, 0 errors, 0 left on base; Americus 0 - Victoria 2
BOTTOM OF THE 4TH
Victoria Capitals batting - Pitching for Americus Braves : RHP Jose Clemente
Batting: RHB Neal Perucci 0-0: Called Strike
0-1: Foul Ball, location: 2F
0-2: SOLO HOME RUN (Flyball, 7LD, EV 97.5 MPH), Distance : 345 ft
Batting: RHB Joaquin Salazar 0-0: Ball
1-0: Ball
2-0: Swinging Strike
2-1: Foul Ball, location: 2F
2-2: Strikes out swinging
Batting: SHB Dave Reynoso 0-0: Foul Ball, location: 2F
0-1: Foul Ball, location: 2F
0-2: Fly out, F7 (Flyball, 78S, EV 94.4 MPH)
Batting: RHB Jose Zuniga 0-0: Ball
1-0: Ball
2-0: Ball
3-0: Base on Balls
Batting: RHB Tze-meng Li 0-0: Called Strike
0-1: Ball
1-1: Swinging Strike
1-2: Foul Ball, location: 2F
1-2: Foul Ball, location: 2F
1-2: Strikes out swinging
Bottom of the 4th over - 1 run, 1 hit, 0 errors, 1 left on base; Americus 0 - Victoria 3
TOP OF THE 5TH
Americus Braves batting - Pitching for Victoria Capitals : RHP John Olson
Batting: RHB Aaron Sartini 0-0: Ball
1-0: Called Strike
1-1: Foul Ball, location: 2F
1-2: Strikes out looking
Pitching: RHP Fikre Taalib
Batting: RHB Danny Dimas 0-0: Ball
1-0: Foul Ball, location: 2F
1-1: Ball
2-1: Foul Ball, location: 2F
2-2: Ball
3-2: Base on Balls
Batting: LHB Ivan Castillo 0-0: Ball
1-0: Ball
2-0: Swinging Strike
2-1: Called Strike
2-2: Foul Ball, location: 2F
2-2: SINGLE (Groundball, 34, EV 80.0 MPH) (infield hit)
Danny Dimas to second
Batting: RHB Carlos Livas 0-0: Ball
1-0: Grounds into double play, 3-6-3 (Groundball, 23, EV 85.6 MPH)
Top of the 5th over - 0 runs, 1 hit, 0 errors, 1 left on base; Americus 0 - Victoria 3
BOTTOM OF THE 5TH
Victoria Capitals batting - Pitching for Americus Braves : RHP Jose Clemente
Batting: LHB William Gonzales 0-0: Called Strike
0-1: Ground out U3 (Groundball, 3L, EV 107.5 MPH)
Batting: RHB Antonio Oyola 0-0: Called Strike
0-1: Ball
1-1: Ball
2-1: Foul Ball, location: 2F
2-2: Ball
3-2: Base on Balls
Batting: RHB Jwahir Pili 0-0: Grounds into double play, 4-6-3 (Groundball, 4, EV 100.6 MPH)
Bottom of the 5th over - 0 runs, 0 hits, 0 errors, 0 left on base; Americus 0 - Victoria 3
TOP OF THE 6TH
Americus Braves batting - Pitching for Victoria Capitals : RHP Fikre Taalib
Batting: RHB Yutaka Yamane 0-0: Ball
1-0: Ball
2-0: Swinging Strike
2-1: Ball
3-1: Fly out, F9 (Flyball, 9D, EV 96.9 MPH)
Batting: RHB Ricardo Joya 0-0: Foul Ball, location: 2F
0-1: Foul Ball, location: 2F
0-2: Ground out 5-3 (Groundball, 56, EV 103.8 MPH)
Batting: RHB Wilson Salgado 0-0: Swinging Strike
0-1: Swinging Strike
0-2: Ground out 4-3 (Groundball, 4, EV 85.6 MPH)
Top of the 6th over - 0 runs, 0 hits, 0 errors, 0 left on base; Americus 0 - Victoria 3
BOTTOM OF THE 6TH
Victoria Capitals batting - Pitching for Americus Braves : RHP Jose Clemente
Batting: RHB Rich Griffith 0-0: Hit by Pitch
Batting: RHB Neal Perucci 0-0: Ball
1-0: Swinging Strike
1-1: Ball
2-1: Foul Ball, location: 2F
2-2: Grounds into double play, 6-4-3 (Groundball, 6, EV 98.1 MPH)
Batting: RHB Joaquin Salazar 0-0: Ball
1-0: Ball
2-0: Called Strike
2-1: Ground out 6-3 (Groundball, 6, EV 83.8 MPH)
Bottom of the 6th over - 0 runs, 0 hits, 0 errors, 0 left on base; Americus 0 - Victoria 3
TOP OF THE 7TH
Americus Braves batting - Pitching for Victoria Capitals : RHP Fikre Taalib
Batting: RHB Paul Holland 0-0: Called Strike
0-1: Fly out, F9 (Flyball, 89M, EV 78.8 MPH)
Batting: RHB Alex Guerra 0-0: Ball
1-0: Foul Ball, location: 2F
1-1: Swinging Strike
1-2: Ball
2-2: Ball
3-2: Strikes out swinging
Batting: RHB Aaron Sartini 0-0: Called Strike
0-1: Foul Ball, location: 2F
0-2: Hit by Pitch
Batting: RHB Danny Dimas 0-0: Ball
Aaron Sartini is caught stealing 2nd base 2-4
Top of the 7th over - 0 runs, 0 hits, 0 errors, 0 left on base; Americus 0 - Victoria 3
BOTTOM OF THE 7TH
Victoria Capitals batting - Pitching for Americus Braves : RHP Jose Clemente
Batting: SHB Dave Reynoso 0-0: Called Strike
0-1: Foul Ball, location: 2F
0-2: Ground out 1-3 (Groundball, 25, EV 66.2 MPH)
Batting: RHB Jose Zuniga 0-0: Fly out, F7 (Flyball, 7, EV 80.6 MPH)
Batting: RHB Tze-meng Li 0-0: Fly out, F8 (Line Drive, 8LD, EV 105.0 MPH)
Bottom of the 7th over - 0 runs, 0 hits, 0 errors, 0 left on base; Americus 0 - Victoria 3
TOP OF THE 8TH
Americus Braves batting - Pitching for Victoria Capitals : RHP Fikre Taalib
Batting: RHB Danny Dimas 0-0: Ball
1-0: Called Strike
1-1: Ground out 5-3 (Groundball, 56S, EV 78.8 MPH)
Batting: LHB Ivan Castillo 0-0: Ball
1-0: Ball
2-0: Ball
3-0: Base on Balls
Batting: RHB Carlos Livas 0-0: Swinging Strike
0-1: Foul Ball, location: 2F
0-2: Ground out 5-3 (Groundball, 5S, EV 60.6 MPH)
Ivan Castillo to second
Batting: RHB Yutaka Yamane 0-0: Called Strike
0-1: Called Strike
0-2: Ball
1-2: Foul Ball, location: 2F
1-2: Ball
2-2: Strikes out swinging
Top of the 8th over - 0 runs, 0 hits, 0 errors, 1 left on base; Americus 0 - Victoria 3
BOTTOM OF THE 8TH
Victoria Capitals batting - Pitching for Americus Braves : RHP Jose Clemente
Batting: LHB William Gonzales 0-0: Ball
1-0: Swinging Strike
1-1: Foul Ball, location: 2F
1-2: Ball
2-2: Foul Ball, location: 2F
2-2: Ball
3-2: Foul Ball, location: 2F
3-2: SOLO HOME RUN (Flyball, 9LD, EV 95.6 MPH), Distance : 364 ft
Batting: RHB Antonio Oyola 0-0: Ball
1-0: Swinging Strike
1-1: Called Strike
1-2: Foul Ball, location: 2F
1-2: DOUBLE (Line Drive, 9LM, EV 111.2 MPH)
Pitching: LHP Mohala Kileona
Batting: RHB Jwahir Pili 0-0: Ball
Wild Pitch!
Antonio Oyola to third
1-0: Foul Ball, location: 2F
1-1: Ball
2-1: Foul Ball, location: 2F
2-2: Strikes out swinging
Batting: RHB Rich Griffith 0-0: Called Strike
0-1: Called Strike
0-2: Ball
1-2: Ball
2-2: Strikes out swinging
Batting: RHB Neal Perucci 0-0: Ball
1-0: Foul Ball, location: 2F
1-1: Ball
2-1: Swinging Strike
2-2: Strikes out looking
Bottom of the 8th over - 1 run, 2 hits, 0 errors, 1 left on base; Americus 0 - Victoria 4
TOP OF THE 9TH
Americus Braves batting - Pitching for Victoria Capitals : RHP Fikre Taalib
Pitching: RHP Dave Williams
Now at 1B: Kevin Harris
Batting: RHB Ricardo Joya 0-0: Ground out 5-3 (Groundball, 56S, EV 83.1 MPH)
Batting: RHB Wilson Salgado 0-0: Called Strike
0-1: Ball
1-1: Ball
2-1: Ground out 1-5-3 (Groundball, 15S, EV 103.1 MPH)
Batting: RHB Paul Holland 0-0: Ground out 6-3 (Groundball, 6, EV 84.4 MPH)
Top of the 9th over - 0 runs, 0 hits, 0 errors, 0 left on base; Americus 0 - Victoria 4
Thursday, December 15th , 2022 - OOTP Baseball 23.9 Build 102